 Dungeon Crawl Stone Soup version 0.23.0-3-gf3c87f2 (webtiles) character file.

Game seed: 516147677427746215

158 zloibabaika the Ducker (level 5, -1/41 HPs)
             Began as a Human Gladiator on Feb 21, 2019.
             Slain by Sigmund
             ... wielding a +0 scythe
              (10 damage)
             ... on level 3 of the Dungeon.
             The game lasted 00:08:20 (3077 turns).

zloibabaika the Ducker (Human Gladiator)            Turns: 3077, Time: 00:08:21

Health: -1/41      AC:  7    Str: 14    XL:     5   Next: 67%
Magic:  5/5        EV: 12    Int: 10    God:
Gold:   99         SH:  0    Dex: 14    Spells: 4/4 levels left

rFire    . . .     SeeInvis .   a - +0 long sword
rCold    . . .     Gourm    .   (no shield)
rNeg     . . .     Faith    .   q - +0 ring mail
rPois    .         Spirit   .   c - +0 helmet
rElec    .         Reflect  .   (no cloak)
rCorr    .         Harm     .   n - +0 pair of gloves
MR       .....                  (no boots)
Stlth    +.........             (no amulet)
HPRegen  0.13/turn              (no ring)
MPRegen  0.09/turn              (no ring)

@: no status effects
A: no striking features
a: no special abilities


You were on level 3 of the Dungeon.
You were hungry.

You visited 1 branch of the dungeon, and saw 3 of its levels.

You collected 99 gold pieces.

Inventory:

Hand Weapons
 a - a +0 long sword (weapon)
Missiles
 d - a throwing net (quivered)
 e - 32 arrows
Armour
 b - a +0 leather armour
 c - a +0 helmet (worn)
 n - a +0 pair of gloves (worn)
 q - a +0 ring mail (worn)
Jewellery
 p - an uncursed ring of stealth {unknown}
Scrolls
 h - a scroll of enchant weapon {unknown}
 i - a scroll of immolation {unknown}
 j - 4 scrolls of identify {unknown}
 k - a scroll of teleportation {unknown}
 l - 2 scrolls of remove curse {unknown}
 o - a scroll of fog {unknown}
Potions
 g - a potion of heal wounds {unknown}
 m - a potion of lignification {unknown}
Comestibles
 f - 3 rations


   Skills:
 + Level 3.5 Fighting
 + Level 4.1 Long Blades
 - Level 2.0 Throwing
 + Level 4.2 Dodging


You had 4 spell levels left.
You didn't know any spells.
Your spell library was empty.

Dungeon Overview and Level Annotations

Branches:
Dungeon (3/15)

Altars:

Annotations:
D:3 Sigmund


Message History

Sigmund hits you with a +0 scythe! Sigmund hits you but does no damage.
You see here a +0 hand axe.
Things that are here:
a +0 club; a hobgoblin skeleton Sigmund hits you from afar with a +0 scythe!
* * * LOW HITPOINT WARNING * * *
Sigmund gestures at you while chanting. The magic dart hits you.
* * * LOW HITPOINT WARNING * * *
Things that are here:
a +0 club; a hobgoblin skeleton You feel less confused.
Sigmund casts a spell.
Sigmund flickers and vanishes!
Deactivating autopickup; reactivate with Ctrl-A.
There is a stone staircase leading up here.
You can't go down here!
Something hits you!
You die...

#......###...
###)###### #... #...#
######..#
#.#####........ ####
###.##.(......###
##...##......##...###
##.......)..####...#
#.......){...# #..>#
#......@)....# #...#
#............# #...#
##..........## #...#
##...##...## #####
#### #####


There were no monsters in sight!

Vanquished Creatures
  An orc priest (D:3)
  An orc wizard (D:2)
  3 adders
  3 oozes
  A worm (D:3)
  3 dart slugs (D:1)
  2 leopard geckos (D:3)
  3 orcs (D:3)
  3 giant cockroaches (D:1)
  5 hobgoblins
  4 kobolds
  A ball python (D:1)
  6 bats
  4 frilled lizards
  4 goblins
  7 rats
  A bush (D:1)
52 creatures vanquished.

Notes
Turn   | Place    | Note
-------+----------+-------------------------------------------
     0 | D:1      | zloibabaika the Human Gladiator began the quest for the
                  | Orb.
     0 | D:1      | Reached XP level 1. HP: 16/16 MP: 1/1
   126 | D:1      | Reached XP level 2. HP: 19/22 MP: 2/2
   523 | D:1      | Reached XP level 3. HP: 26/28 MP: 3/3
  1640 | D:2      | Reached XP level 4. HP: 32/34 MP: 4/4
  2346 | D:3      | Reached XP level 5. HP: 8/41 MP: 5/5
  2722 | D:3      | Noticed Sigmund
  3077 | D:3      | Slain by Sigmund

Skill      XL: |  1  2  3  4 |
---------------+-------------+-----
Fighting       | 3 |  3.5
Long Blades    | 4 |  4.1
Dodging        | 4 |  4.2
Throwing       | |  2.0

Action                   |  1- 3 |  4- 6 || total
-------------------------+-------+-------++-------
Melee: Long sword        |   199 |    65 ||   264
Throw: Throwing net      |       |     2 ||     2
 Stab: Held in net/web   |       |     1 ||     1
  Eat: Ration            |     1 |     1 ||     2
Armor: Leather armour    |    24 |     7 ||    31
       Ring mail         |       |    19 ||    19
Dodge: Dodged            |    73 |    42 ||   115
       Rpst.: Long sword |    22 |    12 ||    34
